MLB
CHICAGO CUBS @ MIAMI MARLINS
06/23/2044
 
TOP OF THE 1ST
Chicago Cubs batting - Pitching for Miami Marlins : LHP Dan Tapley
Pitching: LHP Dan Tapley
Batting: RHB Yasuhide Kasahara 0-0: Ball
1-0: DOUBLE (Line Drive, 9LS, EV 90.0 MPH)
Batting: LHB Kevin Norton 0-0: Ball
1-0: Swinging Strike
1-1: Fly out, F8 (Flyball, 8LD, EV 95.0 MPH)
Batting: RHB Efrain Vargas 0-0: Ground out 4-3 (Groundball, 4S, EV 73.1 MPH)
Yasuhide Kasahara to third
Batting: RHB Josh Kalman 0-0: Ball
1-0: Foul Ball, location: 2F
1-1: Ball
2-1: Ball
3-1: Swinging Strike
3-2: Strikes out swinging
Top of the 1st over - 0 runs, 1 hit, 0 errors, 1 left on base; Chicago 0 - Miami 0
BOTTOM OF THE 1ST
Miami Marlins batting - Pitching for Chicago Cubs : RHP Chris Ishii
Pitching: RHP Chris Ishii
Batting: RHB Jeff Garofalo 0-0: Called Strike
0-1: Ball
1-1: Called Strike
1-2: Ball
2-2: Ball
3-2: Ground out 6-3 (Groundball, 6, EV 96.9 MPH)
Batting: RHB Micah Christopher 0-0: Ball
1-0: Foul Ball, location: 2F
1-1: Foul Ball, location: 2F
1-2: Ground out 3-1 (Groundball, 34, EV 89.4 MPH)
Batting: LHB Andre Gorter 0-0: Fly out, F6 (Popup, 6, EV 53.8 MPH)
Bottom of the 1st over - 0 runs, 0 hits, 0 errors, 0 left on base; Chicago 0 - Miami 0
TOP OF THE 2ND
Chicago Cubs batting - Pitching for Miami Marlins : LHP Dan Tapley
Batting: RHB Elijah Campbell 0-0: Swinging Strike
0-1: Foul Ball, location: 2F
0-2: Ball
1-2: Ball
2-2: Ground out 6-3 (Groundball, 6D, EV 108.8 MPH)
Batting: RHB Steve Bui 0-0: Swinging Strike
0-1: Foul Ball, location: 2F
0-2: Foul Ball, location: 2F
0-2: Ball
1-2: Foul Ball, location: 2F
1-2: Foul Ball, location: 2F
1-2: Strikes out swinging
Batting: RHB Adam O'Hare 0-0: Ball
1-0: Ball
2-0: Called Strike
2-1: Ball
3-1: Called Strike
3-2: SINGLE (Line Drive, 4MD, EV 96.3 MPH)
Batting: RHB Andy Wasierski 0-0: Called Strike
0-1: Ball
1-1: Ball
2-1: Called Strike
2-2: Fielders Choice at 2nd, 6-4 (Groundball, 6, EV 106.9 MPH)
Top of the 2nd over - 0 runs, 1 hit, 0 errors, 1 left on base; Chicago 0 - Miami 0
BOTTOM OF THE 2ND
Miami Marlins batting - Pitching for Chicago Cubs : RHP Chris Ishii
Batting: RHB Roger Salazar 0-0: Foul Ball, location: 2F
0-1: Foul Ball, location: 2F
0-2: Ball
1-2: Strikes out looking
Batting: RHB Justin Huff 0-0: Ball
1-0: Foul Ball, location: 2F
1-1: Fly out, F7 (Flyball, 7LM, EV 98.1 MPH)
Batting: RHB Steve Barnard 0-0: Ball
1-0: Called Strike
1-1: Ball
2-1: Ball
3-1: Foul Ball, location: 2F
3-2: Fly out, F9 (Flyball, 89D, EV 98.1 MPH)
Bottom of the 2nd over - 0 runs, 0 hits, 0 errors, 0 left on base; Chicago 0 - Miami 0
TOP OF THE 3RD
Chicago Cubs batting - Pitching for Miami Marlins : LHP Dan Tapley
Batting: RHB Jamie Ogilvie 0-0: Ball
1-0: Ball
2-0: Called Strike
2-1: Ball
3-1: Fly out, F8 (Flyball, 8LD, EV 91.3 MPH)
Batting: RHB Yasuhide Kasahara 0-0: Ball
1-0: Ball
2-0: Foul Ball, location: 2F
2-1: Foul Ball, location: 2F
2-2: Foul Ball, location: 2F
2-2: Ball
3-2: Foul Ball, location: 2F
3-2: Foul Ball, location: 2F
3-2: Foul Ball, location: 2F
3-2: Foul Ball, location: 2F
3-2: Base on Balls
Batting: LHB Kevin Norton 0-0: Ball
Yasuhide Kasahara is caught stealing 2nd base 2-6
1-0: Ground out 6-3 (Groundball, 6, EV 93.8 MPH)
Top of the 3rd over - 0 runs, 0 hits, 0 errors, 0 left on base; Chicago 0 - Miami 0
BOTTOM OF THE 3RD
Miami Marlins batting - Pitching for Chicago Cubs : RHP Chris Ishii
Batting: RHB Seth Tramontano 0-0: Foul Ball, location: 2F
0-1: Ground out 6-3 (Groundball, 6, EV 88.1 MPH)
Batting: LHB Mike Kara 0-0: Called Strike
0-1: Ball
1-1: Foul Ball, location: 2F
1-2: Foul Ball, location: 2F
1-2: Ground out 6-3 (Groundball, 56, EV 88.1 MPH)
Batting: RHB Eric Jordan 0-0: Called Strike
0-1: Ball
1-1: Swinging Strike
1-2: Foul Ball, location: 2F
1-2: Strikes out swinging
Bottom of the 3rd over - 0 runs, 0 hits, 0 errors, 0 left on base; Chicago 0 - Miami 0
TOP OF THE 4TH
Chicago Cubs batting - Pitching for Miami Marlins : LHP Dan Tapley
Batting: RHB Efrain Vargas 0-0: Called Strike
0-1: Foul Ball, location: 2F
0-2: Ball
1-2: Fly out, F7 (Flyball, 78M, EV 86.9 MPH)
Batting: RHB Josh Kalman 0-0: Swinging Strike
0-1: Ball
1-1: Fly out, F5 (Flyball, 56D, EV 71.9 MPH)
Batting: RHB Elijah Campbell 0-0: Ball
1-0: Ball
2-0: SINGLE (Groundball, 56D, EV 98.1 MPH)
Batting: RHB Steve Bui Pickoff Throw to First - Error! E1
Elijah Campbell to second
0-0: Ball
1-0: Called Strike
1-1: Foul Ball, location: 2F
1-2: Ball
2-2: Foul Ball, location: 2F
2-2: Ball
3-2: Ground out 6-3 (Groundball, 6, EV 106.9 MPH)
Top of the 4th over - 0 runs, 1 hit, 1 error, 1 left on base; Chicago 0 - Miami 0
BOTTOM OF THE 4TH
Miami Marlins batting - Pitching for Chicago Cubs : RHP Chris Ishii
Batting: RHB Jeff Garofalo 0-0: Called Strike
0-1: Ball
1-1: Ball
2-1: Ball
3-1: Foul Ball, location: 2F
3-2: Foul Ball, location: 2F
3-2: Base on Balls
Batting: RHB Micah Christopher 0-0: Ball
1-0: Called Strike
1-1: Called Strike
Jeff Garofalo steals 2nd base
1-2: Ball
2-2: Foul Ball, location: 2F
2-2: Ball
3-2: Foul Ball, location: 2F
3-2: Strikes out swinging
Batting: LHB Andre Gorter 0-0: Ball
1-0: Ball
2-0: Called Strike
2-1: 2-RUN HOME RUN (Flyball, 9D, EV 101.3 MPH), Distance : 386 ft
Batting: RHB Roger Salazar 0-0: SINGLE (Groundball, 5S, EV 65.6 MPH) (infield hit)
Batting: RHB Justin Huff 0-0: Called Strike
0-1: Ball
1-1: Ball
2-1: Ball
3-1: Fly out, F8 (Flyball, 78XD, EV 90.6 MPH)
Batting: RHB Steve Barnard 0-0: Ball
1-0: Called Strike
1-1: Foul Ball, location: 2F
1-2: Ball
Roger Salazar steals 2nd, throwing error, E2
Roger Salazar to third
2-2: Fly out, F3 (Flyball, 3D, EV 87.5 MPH)
Bottom of the 4th over - 2 runs, 2 hits, 1 error, 1 left on base; Chicago 0 - Miami 2
TOP OF THE 5TH
Chicago Cubs batting - Pitching for Miami Marlins : LHP Dan Tapley
Batting: RHB Adam O'Hare 0-0: Called Strike
0-1: DOUBLE (Line Drive, 78D, EV 105.6 MPH)
Batting: RHB Andy Wasierski 0-0: Ball
1-0: Ground out 6-3 (Groundball, 6, EV 86.9 MPH)
Adam O'Hare to third
Pitching: RHP Julio Espinel
Batting: RHB Jamie Ogilvie 0-0: Swinging Strike
0-1: Foul Ball, location: 2F
0-2: Ball
1-2: Ball
2-2: Foul Ball, location: 2F
2-2: Strikes out swinging
Batting: RHB Yasuhide Kasahara 0-0: Reached on error, E5 (Groundball, 56, EV 103.1 MPH)
Adam O'Hare scores
Batting: LHB Kevin Norton 0-0: Called Strike
Yasuhide Kasahara steals 2nd base
0-1: Called Strike
0-2: Ball
1-2: Foul Ball, location: 2F
1-2: Ball
2-2: DOUBLE (Line Drive, 7LD, EV 103.1 MPH)
Yasuhide Kasahara scores
Batting: RHB Efrain Vargas 0-0: Ball
1-0: Ball
2-0: Ball
3-0: Base on Balls
Batting: RHB Josh Kalman 0-0: Ball
1-0: Fly out, F8 (Line Drive, 8RM, EV 100.6 MPH)
Top of the 5th over - 2 runs, 2 hits, 1 error, 2 left on base; Chicago 2 - Miami 2
BOTTOM OF THE 5TH
Miami Marlins batting - Pitching for Chicago Cubs : RHP Chris Ishii
Batting: RHB Seth Tramontano 0-0: Ball
1-0: Ball
2-0: Ground out 6-3 (Groundball, 56, EV 83.8 MPH)
Batting: LHB Mike Kara 0-0: Fly out, F9 (Flyball, 89M, EV 88.8 MPH)
Batting: RHB Eric Jordan 0-0: Called Strike
0-1: Ground out U3 (Groundball, 3L, EV 80.0 MPH)
Bottom of the 5th over - 0 runs, 0 hits, 0 errors, 0 left on base; Chicago 2 - Miami 2
TOP OF THE 6TH
Chicago Cubs batting - Pitching for Miami Marlins : RHP Julio Espinel
Batting: RHB Elijah Campbell 0-0: Ball
1-0: Ball
2-0: Called Strike
2-1: Swinging Strike
2-2: Strikes out swinging
Batting: RHB Steve Bui 0-0: SINGLE (Line Drive, 89S, EV 107.5 MPH)
Batting: RHB Adam O'Hare 0-0: Ball
1-0: Ball
2-0: Ball
3-0: Called Strike
3-1: Base on Balls
Steve Bui to second
Batting: RHB Andy Wasierski 0-0: Ball
1-0: Reached on error, E6 (Groundball, 6M, EV 91.9 MPH)
Steve Bui to third
Adam O'Hare to second
Pinch Hitting: SHB Tim Hone 0-0: Ball
1-0: Ball
2-0: Called Strike
2-1: SINGLE (Groundball, 5L, EV 88.8 MPH) (infield hit)
Steve Bui scores
Adam O'Hare to third
Andy Wasierski to second
Pitching: RHP Jason Davis
Batting: RHB Yasuhide Kasahara 0-0: Ball
1-0: Called Strike
1-1: Called Strike
1-2: SINGLE (Line Drive, 4D, EV 100.0 MPH)
Adam O'Hare scores
Andy Wasierski to third
Tim Hone to second
Batting: LHB Kevin Norton 0-0: Ball
1-0: Called Strike
1-1: Ball
2-1: Swinging Strike
2-2: Foul Ball, location: 2F
2-2: Strikes out swinging
Batting: RHB Efrain Vargas 0-0: Swinging Strike
0-1: Ball
1-1: Foul Ball, location: 2F
1-2: Strikes out swinging
Top of the 6th over - 2 runs, 3 hits, 1 error, 3 left on base; Chicago 4 - Miami 2
BOTTOM OF THE 6TH
Miami Marlins batting - Pitching for Chicago Cubs : RHP Chris Ishii
Now at 2B: Andy Wasierski
Now in CF: Kevin Norton
Now in RF: Tim Hone
Batting: RHB Jeff Garofalo 0-0: Ball
1-0: Swinging Strike
1-1: Ball
2-1: Ball
3-1: Fly out, F9 (Flyball, 89M, EV 90.0 MPH)
Batting: RHB Micah Christopher 0-0: Ball
1-0: Called Strike
1-1: Foul Ball, location: 2F
1-2: Ball
2-2: Ball
3-2: Base on Balls
Batting: LHB Andre Gorter 0-0: Ball
1-0: Fly out, F2 (Popup, 25F, EV 89.4 MPH)
Batting: RHB Roger Salazar 0-0: Fly out, F8 (Flyball, 89M, EV 96.3 MPH)
Bottom of the 6th over - 0 runs, 0 hits, 0 errors, 1 left on base; Chicago 4 - Miami 2
TOP OF THE 7TH
Chicago Cubs batting - Pitching for Miami Marlins : RHP Jason Davis
Batting: RHB Josh Kalman 0-0: Ball
1-0: Called Strike
1-1: Ball
2-1: Foul Ball, location: 2F
2-2: SINGLE (Groundball, 56, EV 104.4 MPH)
Batting: RHB Elijah Campbell Pickoff Throw to First - Error! E1
Josh Kalman to second
0-0: Ground out 6-3 (Groundball, 6, EV 88.1 MPH)
Josh Kalman to third
Batting: RHB Steve Bui 0-0: Ball
1-0: Ball
2-0: Ball
3-0: Base on Balls
Batting: RHB Adam O'Hare 0-0: Called Strike
0-1: Fly out, F8 (Flyball, 8RS, EV 90.0 MPH)
Batting: RHB Andy Wasierski 0-0: Called Strike
0-1: Ball
1-1: Ball
2-1: Foul Ball, location: 2F
2-2: Ball
Wild Pitch!
Josh Kalman scores
Steve Bui to second
3-2: Foul Ball, location: 2F
3-2: Foul Ball, location: 2F
3-2: Base on Balls
Batting: SHB Tim Hone 0-0: Ball
1-0: Called Strike
1-1: Ball
2-1: Swinging Strike
2-2: Fly out, F8 (Flyball, 78D, EV 105.6 MPH)
Top of the 7th over - 1 run, 1 hit, 1 error, 2 left on base; Chicago 5 - Miami 2
BOTTOM OF THE 7TH
Miami Marlins batting - Pitching for Chicago Cubs : RHP Chris Ishii
Batting: RHB Justin Huff 0-0: Ball
1-0: Fly out, F8 (Flyball, 8RM, EV 87.5 MPH)
Batting: RHB Steve Barnard 0-0: Ball
1-0: Ball
2-0: Ball
3-0: Called Strike
3-1: Called Strike
3-2: SINGLE (Groundball, 4S, EV 69.4 MPH) (infield hit)
Pitching: RHP Yeong-kil Suck
Batting: RHB Seth Tramontano 0-0: Foul Ball, location: 2F
0-1: SINGLE (Line Drive, 4M, EV 97.5 MPH)
Steve Barnard to second
Batting: LHB Mike Kara 0-0: Fly out, F9 (Line Drive, 9S, EV 91.9 MPH)
Batting: RHB Eric Jordan 0-0: Called Strike
0-1: Swinging Strike
0-2: Strikes out looking
Bottom of the 7th over - 0 runs, 2 hits, 0 errors, 2 left on base; Chicago 5 - Miami 2
TOP OF THE 8TH
Chicago Cubs batting - Pitching for Miami Marlins : RHP Jason Davis
Pitching: RHP Chris Nickerson
Batting: RHB Yasuhide Kasahara 0-0: Ball
1-0: Called Strike
1-1: Foul Ball, location: 2F
1-2: Ground out U3 (Groundball, 3, EV 84.4 MPH)
Batting: LHB Kevin Norton 0-0: Called Strike
0-1: Foul Ball, location: 2F
0-2: Fly out, F6 (Line Drive, 6, EV 67.5 MPH)
Batting: RHB Efrain Vargas 0-0: Ball
1-0: Swinging Strike
1-1: Ball
2-1: Ball
3-1: Called Strike
3-2: Foul Ball, location: 2F
3-2: Foul Ball, location: 2F
3-2: Base on Balls
Batting: RHB Josh Kalman 0-0: Called Strike
0-1: Fielders Choice at 2nd, 6-4 (Groundball, 6, EV 99.4 MPH)
Top of the 8th over - 0 runs, 0 hits, 0 errors, 1 left on base; Chicago 5 - Miami 2
BOTTOM OF THE 8TH
Miami Marlins batting - Pitching for Chicago Cubs : RHP Yeong-kil Suck
Batting: RHB Jeff Garofalo 0-0: Called Strike
0-1: Swinging Strike
0-2: Foul Ball, location: 2F
0-2: Ball
1-2: Ball
2-2: Fly out, F8 (Flyball, 8RS, EV 94.4 MPH)
Batting: RHB Micah Christopher 0-0: Called Strike
0-1: Ball
1-1: SINGLE (Line Drive, 9S, EV 104.4 MPH)
Batting: LHB Andre Gorter 0-0: Called Strike
0-1: Fielders Choice at 2nd, 6-4 (Groundball, 6, EV 106.3 MPH)
Batting: RHB Roger Salazar 0-0: Ball
1-0: Called Strike
1-1: Ball
2-1: Foul Ball, location: 2F
2-2: Foul Ball, location: 2F
2-2: Foul Ball, location: 2F
2-2: SINGLE (Line Drive, 9S, EV 96.3 MPH)
Andre Gorter to second
Runner from 2nd tries for 3rd, SAFE, throw by RF made to third
Batting: RHB Justin Huff 0-0: Called Strike
0-1: Ball
1-1: Ball
2-1: Ball
3-1: Called Strike
3-2: SINGLE (Groundball, 4MD, EV 108.8 MPH)
Andre Gorter scores
Roger Salazar to second
Roger Salazar to third
Batting: RHB Steve Barnard 0-0: Ball
1-0: Called Strike
1-1: Foul Ball, location: 2F
1-2: Ball
2-2: Strikes out swinging, 2-3 out at first.
Bottom of the 8th over - 1 run, 3 hits, 0 errors, 2 left on base; Chicago 5 - Miami 3
TOP OF THE 9TH
Chicago Cubs batting - Pitching for Miami Marlins : RHP Chris Nickerson
Pitching: LHP Jerry Woods
Batting: RHB Elijah Campbell 0-0: Ball
1-0: Ball
2-0: Ball
3-0: Base on Balls
Batting: RHB Steve Bui 0-0: Bunted foul
0-1: Bunted foul
0-2: Ball
1-2: Fly out, F8 (Line Drive, 8RM, EV 105.0 MPH)
Batting: RHB Adam O'Hare 0-0: Ball
1-0: Foul Ball, location: 2F
1-1: Ball
Elijah Campbell is caught stealing 2nd base 2-4
2-1: Ball
3-1: Foul Ball, location: 2F
3-2: Base on Balls
Batting: RHB Andy Wasierski 0-0: Foul Ball, location: 2F
0-1: Ball
Wild Pitch!
Adam O'Hare to second
1-1: Ball
2-1: Ball
3-1: SINGLE (Flyball, 9LS, EV 91.9 MPH)
Adam O'Hare to third
Runner from 3rd tries for Home, SAFE, throw by RF to home
Andy Wasierski to second
Batting: SHB Tim Hone 0-0: Foul Ball, location: 2F
0-1: Ball
1-1: Ball
2-1: Called Strike
2-2: Ground out 5-3 (Groundball, 56S, EV 86.3 MPH)
Top of the 9th over - 1 run, 1 hit, 0 errors, 1 left on base; Chicago 6 - Miami 3
BOTTOM OF THE 9TH
Miami Marlins batting - Pitching for Chicago Cubs : RHP Yeong-kil Suck
Pitching: LHP George Poirier
Batting: RHB Seth Tramontano 0-0: Swinging Strike
0-1: Fly out, F6 (Flyball, 6D, EV 96.3 MPH)
Pinch Hitting: RHB Jimmy Groseclose 0-0: Ground out 4-3 (Groundball, 34, EV 82.5 MPH)
Batting: RHB Eric Jordan 0-0: Hit by Pitch
Batting: RHB Jeff Garofalo 0-0: Ball
1-0: Ball
2-0: Ball
3-0: Called Strike
3-1: Swinging Strike
3-2: Ground out 6-3 (Groundball, 6, EV 78.1 MPH)
Bottom of the 9th over - 0 runs, 0 hits, 0 errors, 1 left on base; Chicago 6 - Miami 3
Thursday, March 31st , 2022 - OOTP Baseball 22.12 Build 89